 Dungeon Crawl Stone Soup version 0.31-a0-744-gbc345e7 (webtiles) character file.

Game seed: 3178321544208337717

620 BarneyGumball the Vexing (level 7, 12/38 HPs)
             Began as a Vampire Enchanter on Sept 13, 2023.
             Was a Believer of Dithmenos.
             Quit the game on level 3 of the Dungeon.
             The game lasted 00:12:26 (3786 turns).

BarneyGumball the Vexing (Vampire Enchanter)        Turns: 3786, Time: 00:12:26

Health: 12/38      AC:  4    Str:  9    XL:     7   Next: 22%
Magic:  10/10      EV: 12    Int: 24    God:    Dithmenos [**....]
Gold:   207        SH:  0    Dex: 14    Spells: 2/10 levels left

rFire   . . .        a - +1 dagger
rCold   + + .        (no shield)
rNeg    + + +        b - +0 robe
rPois   ∞            (no helmet)
rElec   .            (no cloak)
rCorr   .            i - +0 pair of gloves
SInv    +            r - +0 pair of boots
Will    .....        (no amulet)
Stlth   ++++++       h - +6 ring of intelligence
HPRegen 0.26/turn    (no ring)
MPRegen 0.12/turn

%: no passive effects
@: bloodless, wreathed by umbra
A: bloodless, fangs 3, see invisible, vampiric 2
a: Bat Form, Revivify, Renounce Religion, Shadow Step


You were on level 3 of the Dungeon.
You worshipped Dithmenos.
Dithmenos was pleased with you.
You visited 1 branch of the dungeon, and saw 6 of its levels.

You collected 207 gold pieces.

Inventory:

Hand Weapons
 a - a +1 dagger (weapon)
Missiles
 l - 9 poisoned darts (quivered)
Armour
 b - a +0 robe (worn)
 i - a +0 pair of gloves (worn)
 r - a +0 pair of boots (worn)
Jewellery
 e - a ring of fire
 h - a +6 ring of intelligence (left hand)
Wands
 t - a wand of paralysis (7)
 v - a wand of iceblast (5)
Scrolls
 d - 5 scrolls of identify {unknown}
 f - 2 scrolls of enchant weapon {unknown}
 j - 2 scrolls of teleportation {unknown}
 m - a scroll of immolation {unknown}
 n - a scroll of fear {unknown}
 o - a scroll of noise {unknown}
 p - a scroll of enchant armour {unknown}
 q - a scroll of poison {unknown}
 u - a scroll of vulnerability {unknown}
Potions
 c - 2 potions of invisibility
 g - a potion of degeneration {unknown}
 k - a potion of curing {unknown}
 s - a potion of magic {unknown}


   Skills:
 + Level 1.1 Fighting
 + Level 4.9 Short Blades
 + Level 1.0 Armour
 + Level 2.7 Dodging
 - Level 5.1 Stealth
 - Level 2.0 Spellcasting
 - Level 7.0 Hexes
 - Level 3.6 Ice Magic


You had 2 spell levels left.
You knew the following spells:

 Your Spells              Type           Power      Damage    Failure   Level
a - Ensorcelled Hibernat  Hex/Ice        54%        N/A       1%          2
b - Confusing Touch       Hex            36%        N/A       1%          3
c - Tukima's Dance        Hex            36%        N/A       1%          3

Your spell library contained the following spells:

 Spells                   Type           Power      Damage    Failure   Level
 Apportation              Tloc           4%         N/A       12%         1
 Kiss of Death            Conj/Necr      8%         2d6       12%         1
 Necrotise                Necr           8%         1d4       12%         1
 Summon Small Mammal      Summ           8%         N/A       12%         1
 Dazzling Flash           Conj/Hex       38%        N/A       9%          3
 Hailstorm                Conj/Ice       11%        3d5       17%         3
 Summon Ice Beast         Ice/Summ       11%        N/A       50%         4
 Dispel Undead            Necr           2%         3d7       75%         4
 Simulacrum               Ice/Necr       5%         N/A       100%        6


Dungeon Overview and Level Annotations

Branches:
Dungeon (6/15)
 Temple: D:4-7

Altars:
Dithmenos
Okawaru

Annotations:
D:6 Edmund


Innate Abilities, Weirdness & Mutations

You do not regenerate when monsters are visible.
You are frail without blood (-20% HP).
You can heal yourself when you bite living creatures.
You are immune to poison.
You have razor-sharp teeth.
You have supernaturally acute eyesight. (SInv)
You are afflicted with vampirism and can become a bat while bloodless.


Message History

You hit Ijyb.
Ijyb is severely wounded.
Ijyb hits you with a +0 club.
You hit Ijyb.
Ijyb is almost dead.
Ijyb hits you with a +0 club.
You closely miss Ijyb.
Ijyb is almost dead.
Ijyb closely misses you.
You hit Ijyb.
Ijyb is almost dead.
You closely miss Ijyb. You bite Ijyb, but do no damage.
Ijyb is almost dead.
Ijyb closely misses you.
You hit Ijyb but do no damage. Your bite misses Ijyb.
Ijyb is almost dead.
Ijyb hits you but does no damage.
You closely miss Ijyb.
Ijyb is almost dead.
You hit Ijyb but do no damage. Your bite misses Ijyb.
Ijyb is almost dead.
Ijyb hits you with a +0 club.
You hit Ijyb but do no damage.
Ijyb is almost dead.
Ijyb hits you with a +0 club.
* * * LOW HITPOINT WARNING * * *
You hit Ijyb but do no damage.
Ijyb is almost dead.
Ijyb barely misses you.
You barely miss Ijyb.
Ijyb is almost dead.
Ijyb closely misses you.
You hit Ijyb.
You kill Ijyb!
Dithmenos accepts your kill.
Your Armour skill increases to level 1!
v - a wand of iceblast (5)
Things that are here:
a +0 club; a +0 leather armour Are you sure you want to abandon this character and quit the game? (Confirm with "yes".)

#### ..# #.# ####.####
######.......#
#....!.....#.####
)##..@......###...#
.......!.....## ##..####
.#.##.........###.......
#...?......#....####
...!.......<....>.# # #
#.....###########.#### #
#.##### #...## # #.
###.## # #.##


There were no monsters in sight!

Vanquished Creatures
  A water moccasin (D:5)
  A black bear (D:5)
  2 phantoms (D:4)
  3 hounds
  An orc priest (D:4)
  Ijyb (D:3)
  An adder (D:5)
  3 gnolls (D:3)
  An ufetubus (D:6)
  3 worms
  2 dart slugs (D:1)
  4 orcs (D:4)
  6 ball pythons
  5 bats
  6 endoplasms
  7 giant cockroaches
  6 goblins
  7 hobgoblins
  4 jackals (D:4)
  4 kobolds
  2 quokkas (D:1)
  A frilled lizard (D:1)
  3 rats
74 creatures vanquished.

Notes
Turn   | Place    | Note
-------+----------+-------------------------------------------
     0 | D:1      | BarneyGumball the Vampire Enchanter began the quest for the
                  | Orb.
     0 | D:1      | Reached XP level 1. HP: 13/13 MP: 3/3
   145 | D:1      | Reached XP level 2. HP: 19/19 MP: 5/5
   199 | D:1      | Learned a level 2 spell: Ensorcelled Hibernation
   500 | D:1      | Found a faded altar of an unknown god.
   508 | D:1      | Prayed at the altar of an unknown god.
   508 | D:1      | Became a worshipper of Dithmenos the Shadowed
   508 | D:1      | Reached * piety under Dithmenos
   514 | D:1      | Reached skill level 5 in Stealth
   927 | D:2      | Gained mutation: You are afflicted with vampirism and can
                  | become a bat while bloodless. [Vampire growth]
   927 | D:2      | Reached XP level 3. HP: 19/19 MP: 6/6
   929 | D:2      | Reached skill level 5 in Hexes
  1145 | D:2      | Reached skill level 1 in Ice Magic
  1716 | D:2      | Reached ** piety under Dithmenos
  2189 | D:3      | Reached XP level 4. HP: 24/24 MP: 7/7
  2263 | D:3      | Learned a level 3 spell: Confusing Touch
  2577 | D:3      | Noticed Ijyb
  2618 | D:3      | You fall into a shaft and drop 3 floors!
  2628 | D:6      | Reached skill level 6 in Hexes
  2628 | D:6      | Reached XP level 5. HP: 28/28 MP: 8/8
  2687 | D:6      | Noticed Edmund
  2711 | D:6      | Noticed a centaur
  2728 | D:5      | Entered Level 5 of the Dungeon
  2765 | D:5      | Noticed a black bear
  2770 | D:5      | Killed a black bear
  2771 | D:5      | Noticed a water moccasin
  2784 | D:5      | Killed a water moccasin
  2785 | D:5      | Reached XP level 6. HP: 32/32 MP: 6/9
  2885 | D:4      | Reached skill level 7 in Hexes
  2960 | D:4      | Found an iron altar of Okawaru.
  3038 | D:4      | Learned a level 3 spell: Tukima's Dance
  3146 | D:4      | Reached XP level 7. HP: 5/37 MP: 10/10
  3629 | D:4      | Reached skill level 1 in Fighting
  3783 | D:3      | Killed Ijyb
  3784 | D:3      | Reached skill level 1 in Armour
  3786 | D:3      | Quit the game

Illustrated notes

Levels and vault maps discovered:
D:1:      heliophobic_arrival_ceremonial_halls, layout_basic,
          chequers_ecumenical_altar_simple_redux,
          wander_ebering_terrifying_dragon_lair
D:2:      layout_basic
D:3:      layout_loops_ring, uniq_ijyb
D:4:      layout_loops_corners, mainiacjoe_overflow_catch_the_wave,
          amethyst_overflow_temple_binary, nicolae_titane
D:5:      layout_gridville
D:6:      nicolae_cairo_tiling_large_dashed, layout_loops_corners,
          minmay_misc_feat_columns, nicolae_shop_clearance, uniq_edmund

Skill      XL: |  1  2  3  4  5  6  7 |
---------------+----------------------+-----
Stealth        | 5 |  5.1
Short Blades   | 2 3 4 |  4.9
Hexes          | 5 6 7 |  7.0
Ice Magic      | 1 2 3 |  3.6
Fighting       | 1 |  1.1
Armour         | 1 |  1.0
Dodging        | |  2.7
Spellcasting   | |  2.0

Action                     |  1- 3 |  4- 6 |  7- 9 || total
---------------------------+-------+-------+-------++-------
  Melee: Dagger            |   123 |    97 |    96 ||   316
         Bite              |     8 |    10 |    10 ||    28
         Punch             |     2 |     2 |     1 ||     5
   Cast: Ensorcelled Hiber |       |     2 |       ||     2
Ability: Exsanguinate      |     1 |       |       ||     1
    Use: Potion            |       |     1 |       ||     1
   Stab: Sleeping          |    19 |    10 |       ||    29
         Invisible         |       |     3 |       ||     3
 Armour: Robe              |    40 |    29 |    32 ||   101
  Dodge: Dodged            |    56 |    58 |    45 ||   159

Table legend: (Time is in decaauts)
 A = Elapsed time spent in this place.
 B = Non-inter-level travel time spent in this place.
 C = Inter-level travel time spent in this place.
 D = Time resting spent in this place.
 E = Time spent auto-exploring this place.
 F = Levels seen in this place.
 G = Mean time per level.
                   A        B        C        D        E       F      G
               +--------+--------+--------+--------+--------+-----+--------+
         Total |   3730 |   3569 |    161 |     75 |   2602 |   6 |  621.7 |
       Dungeon |   3730 |   3569 |    161 |     75 |   2602 |   6 |  621.7 |
               +--------+--------+--------+--------+--------+-----+--------+

Top non-repeatable levels by time:
     D:2: 1215 daAuts
     D:4: 920 daAuts
     D:1: 867 daAuts
     D:3: 553 daAuts
     D:6: 109 daAuts
     D:5: 64 daAuts
